 Dungeon Crawl Stone Soup version 0.16-a0-286-g6bac339 (webtiles) character file.

5397 PolkaDot the Gouger (level 10, -9/63 HPs)
             Began as a Felid Berserker on Aug 27, 2014.
             Was a High Priest of Trog.
             Mangled by an orc warrior
             ... wielding a +0 hand axe
             ... led by an orc knight
              (24 damage)
             ... on Level 11 of the Dungeon on Aug 28, 2014.
             The game lasted 00:32:06 (10886 turns).

PolkaDot the Gouger (Felid Berserker)              Turns: 10886, Time: 00:32:06

HP  -9/63        AC  2     Str 18      XL: 10   Next: 40%
MP  17/17        EV 28     Int 10      God: Trog [*****.]
Gold 691         SH  0     Dex 18      Spells:  0 memorised,  9 levels left
Lives: 0, deaths: 2

rFire  . . .     SeeInvis +       - Unarmed
rCold  . . .     Clarity  .     (armour unavailable)
rNeg   . . .     rCorr    .     (shield unavailable)
rPois  .         rRot     .     (helmet unavailable)
rElec  .         Spirit   .     (cloak unavailable)
SustAb .         Warding  .     (gloves unavailable)
rMut   .         Stasis   .     (boots unavailable)
Gourm  .                        (no amulet)
MR     +++..                    (no ring)
                                (no ring)

@: berserking, regenerating, very quick, extremely resistant to hostile
enchantments, extremely unstealthy
A: paw claws, no armour, no weapons or thrown items, fangs 3, see invisible,
carnivore 3, speed 1, shaggy fur 2, slow metabolism 1, jump 2
a: Jump Attack, Burn Spellbooks, Berserk, Trog's Hand, Brothers in Arms,
Renounce Religion


You were on level 11 of the Dungeon.
You worshipped Trog.
Trog was extremely pleased with you.
You were full.

You visited 1 branch of the dungeon, and saw 11 of its levels.

You collected 691 gold pieces.

Inventory:

Magical devices
 C - a wand of random effects (14) {unknown}
 F - a wand of teleportation (6) {unknown}
 G - a wand of random effects (15) {unknown}
Comestibles
 c - 8 meat rations
 s - a royal jelly
 z - 4 beef jerkies
 A - 7 slices of pizza
Scrolls
 a - 8 scrolls of teleportation {unknown}
 d - 5 scrolls of immolation {unknown}
 g - 9 scrolls of identify {unknown}
 j - 2 scrolls of enchant weapon {unknown}
 l - 9 scrolls of remove curse {unknown}
 n - a scroll of blinking {unknown}
 o - 2 scrolls of magic mapping {unknown}
 u - 2 scrolls of noise {unknown}
 v - a scroll of amnesia {unknown}
 B - a scroll of enchant armour {unknown}
 E - a scroll of holy word {unknown}
Potions
 b - a potion of mutation {unknown}
 e - a potion of magic {unknown}
 f - a potion of invisibility {unknown}
 h - a potion of cancellation {unknown}
 i - 2 potions of agility {unknown}
 k - a potion of flight {unknown}
 m - a potion of poison {unknown}
 p - 2 potions of haste {unknown}
 q - 2 potions of brilliance {unknown}
 r - 2 potions of heal wounds {unknown}
 t - 7 potions of curing {unknown}
 w - 2 potions of degeneration {unknown}
Books
 x - a book of Callings

   Spells                             Type                      Level
   Summon Small Mammal                Summoning                    1
   Call Imp                           Summoning                    2
   Call Canine Familiar               Summoning                    3
   Summon Guardian Golem              Hexes/Summoning              4
   Summon Lightning Spire             Summoning/Air                4
   Summon Ice Beast                   Ice/Summoning                4
   Trog disapproves of the use of such an item.
 y - a book of the Sky

   Spells                             Type                      Level
   Flight                             Charms/Air                   3
   Airstrike                          Air                          4
   Silence                            Hexes/Air                    5
   Deflect Missiles                   Charms/Air                   6
   Conjure Ball Lightning             Conjuration/Air              6
   Tornado                            Air                          9
   Trog disapproves of the use of such an item.
 D - a book of the Sky

   Spells                             Type                      Level
   Flight                             Charms/Air                   3
   Airstrike                          Air                          4
   Silence                            Hexes/Air                    5
   Deflect Missiles                   Charms/Air                   6
   Conjure Ball Lightning             Conjuration/Air              6
   Tornado                            Air                          9
   Trog disapproves of the use of such an item.


   Skills:
 - Level 3.0 Fighting
 + Level 11.5 Dodging
 + Level 9.3 Stealth
 * Level 13.8 Unarmed Combat


You had 9 spell levels left.
You didn't know any spells.

Dungeon Overview and Level Annotations

Branches:
Dungeon (11/15)            Temple (0/1) D:6             Orc (0/4) D:10
   Lair (0/8) D:11

Altars:
Elyvilon
Fedhas
Gozag
Kikubaaqudgha
Qazlal
Sif Muna
The Shining One
Beogh

Shops:
D:5 [   D:10 }[=[


Innate Abilities, Weirdness & Mutations

You cannot wear armour.
You are incapable of wielding weapons or throwing items.
Your paws have sharp claws.
You have razor-sharp teeth.
You have supernaturally acute eyesight.
You are carnivorous and can eat meat at any time.
You cover ground quickly.
You are covered in thick fur (AC +2).
You have a slow metabolism.
You can jump attack at a medium distance.


Message History

The orc knight completely misses you.
The orc warrior hits you with a hand axe!
* * * LOW HITPOINT WARNING * * *
You claw the orc knight!
The orc knight is heavily wounded.
You scratch the orc knight. Your punch misses the orc knight.
You bite the orc knight!
The orc knight is severely wounded.
The orc completely misses you. The orc warrior completely misses you.
You claw the orc knight!
The orc knight is almost dead.
The orc knight hits you with a great sword!!
* * * LOW HITPOINT WARNING * * *
You completely miss the orc knight.
The orc knight is almost dead.
You claw the orc knight!
You kill the orc knight!
Trog accepts your kill.
The orc warrior hits you with a hand axe!!
You die...

+....#.......#.....
###....##'##...#.....#
#....###..##...#.....#
+....#.....+...#.....+
#....'.....#...+ ...
#....#....####+#
#....###'####
+....#)oo...#
#....@oo4...+
#....######## ######


You could see an orc sorcerer, a red devil, an orc warrior and 2 orcs.

Vanquished Creatures
  Pikel (D:5)
  An orc knight (D:11)
  A centaur zombie (D:11)
  Grinder (D:3)
  A two-headed ogre (D:8)
  A troll (D:11)
  A human (D:7)
  A griffon skeleton (D:10)
  A wyvern (D:9)
  A hog (D:7)
  A hungry ghost (D:9)
  4 hippogriffs
  2 soldier ants (D:9)
  2 sky beasts
  2 black bears
  A phantom (D:4)
  4 centaurs
  5 ogres
  An orc warrior (D:9)
  2 necrophages (D:10)
  A crocodile (D:11)
  Blork the orc (D:6)
  A wyvern zombie (D:11)
  5 giant frogs
  2 jellies
  4 scorpions
  8 wights
  2 goliath beetles
  2 killer bees (D:9)
  A quasit (D:9)
  A crimson imp (D:5)
  A giant frog zombie (D:6)
  A big kobold zombie (D:5)
  Crazy Yiuf (D:5)
  A centaur skeleton (D:8)
  6 hounds
  4 orc priests
  A gnoll shaman (D:10)
  4 iguanas
  Natasha (D:6)
  13 worker ants
  9 orc wizards
  3 sheep (D:7)
  A sky beast zombie (D:8)
  An ogre skeleton (D:6)
  11 adders
  17 gnolls
  3 shadow imps
  2 worms
  4 giant mites (D:9)
  An adder zombie (D:6)
  8 giant geckos
  An ooze (D:4)
  20 orcs
  15 bats
  4 giant cockroaches
  10 goblins
  16 hobgoblins
  15 jackals
  14 kobolds
  5 quokkas
  8 giant newts
  A jackal zombie (D:5)
  A kobold zombie (D:7)
  2 orc zombies
  17 rats
  A butterfly (D:9)
285 creatures vanquished.

Vanquished Creatures (collateral kills)
  Gastronok (D:11)
  A hill giant (D:11)
  A yak (D:11)
  2 porcupines (D:11)
  A crimson imp (D:11)
  An iguana (D:11)
  3 orange rats (D:11)
  A quokka (D:11)
  2 rats (D:11)
13 creatures vanquished.

Vanquished Creatures (others)
  A giant mite (D:5)
  A giant newt (D:5)
2 creatures vanquished.

Grand Total: 300 creatures vanquished

Notes
Turn   | Place    | Note
--------------------------------------------------------------
     0 | D:1      | PolkaDot, the Felid Berserker, began the quest for the Orb.
     0 | D:1      | Reached XP level 1. HP: 10/10 MP: 2/2
   321 | D:1      | Reached XP level 2. HP: 12/14 MP: 3/3
   949 | D:1      | Acquired Trog's second power
   954 | D:1      | Reached XP level 3. HP: 12/17 MP: 5/5
  1489 | D:2      | Reached XP level 4. HP: 21/21 MP: 7/7
  1606 | D:3      | Reached skill level 5 in Unarmed Combat
  1858 | D:3      | Found a white marble altar of Elyvilon.
  1960 | D:3      | Found an ancient bone altar of Kikubaaqudgha.
  2177 | D:3      | Noticed Grinder
  2177 | D:3      | Paralysed by Grinder for 2 turns
  2192 | D:3      | Paralysed by Grinder for 3 turns
  2201 | D:3      | Killed Grinder
  2201 | D:3      | Reached skill level 7 in Unarmed Combat
  2201 | D:3      | Reached XP level 5. HP: 24/24 MP: 8/8
  2201 | D:3      | Gained mutation: You are covered in thick fur (AC +2). [growing up]
  2201 | D:3      | Gained mutation: You can jump attack at a medium distance. [growing up]
  2201 | D:3      | Reached XP level 6. HP: 28/28 MP: 10/10
  3766 | D:4      | Reached XP level 7. HP: 19/31 MP: 12/12
  4044 | D:4      | Reached skill level 8 in Unarmed Combat
  4258 | D:4      | Reached skill level 5 in Dodging
  4587 | D:5      | Entered Level 5 of the Dungeon
  4690 | D:5      | Noticed Crazy Yiuf
  4696 | D:5      | Killed Crazy Yiuf
  4727 | D:5      | Found Stroklyamm's Armour Boutique.
  4774 | D:5      | HP: 1/31 [ogre/giant club (19)]
  4917 | D:5      | Acquired Trog's third power
  4927 | D:5      | Noticed Pikel
  4951 | D:5      | Killed Pikel
  4951 | D:5      | Reached skill level 9 in Unarmed Combat
  4951 | D:5      | Reached XP level 8. HP: 34/34 MP: 13/13
  5174 | D:5      | Reached skill level 10 in Unarmed Combat
  5815 | D:6      | Reached XP level 9. HP: 23/37 MP: 15/15
  5983 | D:6      | Reached skill level 1 in Stealth
  6190 | D:6      | Noticed Natasha
  6198 | D:6      | Killed Natasha
  6202 | D:6      | Reached skill level 11 in Unarmed Combat
  6593 | D:6      | Noticed Blork the orc
  6600 | D:6      | Killed Blork the orc
  6693 | D:6      | Found a staircase to the Ecumenical Temple.
  6950 | D:7      | Found an opulent altar of Gozag.
  6952 | D:7      | Found a deep blue altar of Sif Muna.
  6953 | D:7      | Found a blossoming altar of Fedhas.
  7097 | D:7      | Found a stormy altar of Qazlal.
  8162 | D:8      | Reached skill level 5 in Stealth
  8424 | D:8      | Reached skill level 12 in Unarmed Combat
  8858 | D:9      | Reached XP level 10. HP: 30/42 MP: 17/17
  9180 | D:9      | Reached skill level 10 in Dodging
  9397 | D:9      | HP: 2/42 [hippogriff (6)]
  9397 | D:9      | Slain by a hippogriff
  9398 | D:9      | Reached XP level 9. HP: -3/37 MP: 15/15
  9719 | D:10     | Entered Level 10 of the Dungeon
  9719 | D:10     | Found a staircase to the Orcish Mines.
  9779 | D:10     | Found Schaqo's Jewellery Boutique.
  9789 | D:10     | HP: 1/37 [griffon skeleton (7)]
  9789 | D:10     | Slain by a griffon skeleton
  9790 | D:10     | Reached XP level 8. HP: -3/34 MP: 13/13
  9856 | D:10     | Found Waufac's Gadget Emporium.
  9931 | D:10     | Reached XP level 9. HP: 35/37 MP: 15/15
 10091 | D:10     | Reached skill level 13 in Unarmed Combat
 10161 | D:10     | Found Mizouthri's Antique Armour Boutique.
 10263 | D:10     | Found a roughly hewn altar of Beogh.
 10374 | D:10     | Found Thaggaoh's Armour Boutique.
 10465 | D:11     | Found a glowing golden altar of the Shining One.
 10508 | D:11     | Noticed a centaur zombie
 10523 | D:11     | Killed a centaur zombie
 10648 | D:11     | Found a staircase to the Lair.
 10649 | D:11     | Noticed a hill giant
 10650 | D:11     | Noticed Gastronok
 10656 | D:11     | Killed a hill giant
 10668 | D:11     | Killed Gastronok
 10668 | D:11     | Reached XP level 10. HP: 22/42 MP: 17/17
 10869 | D:11     | Noticed an orc knight
 10870 | D:11     | Noticed an orc sorcerer
 10886 | D:11     | Killed an orc knight
 10886 | D:11     | Mangled by an orc warrior

Action                   |  1- 3 |  4- 6 |  7- 9 | 10-12 || total
-------------------------+-------+-------+-------+-------++-------
Melee: Unarmed           |    87 |   145 |   617 |    68 ||   917
Invok: Berserk           |     1 |     2 |    12 |     4 ||    19
       Trog's Hand       |       |     2 |    13 |     4 ||    19
       Brothers in Arms  |       |       |     2 |       ||     2
 Stab: Sleeping          |     2 |       |    29 |     3 ||    34
       Distracted        |       |       |     1 |       ||     1
  Eat: Chunk             |     1 |    14 |    34 |     8 ||    57
